 Dungeon Crawl Stone Soup version 0.28-a0-447-g1f95980246 (webtiles) character file.

Game seed: 1144148120619041049

28 spiderkeys the Skirmisher (level 3, 0/26 HPs)
             Began as an Octopode Fighter on Sept 13, 2021.
             Slain by a gnoll (8 damage)
             ... on level 1 of the Dungeon.
             The game lasted 00:01:03 (1230 turns).

spiderkeys the Skirmisher (Octopode Fighter)        Turns: 1230, Time: 00:01:04

Health: 0/26       AC:  1    Str: 16    XL:     3   Next: 12%
Magic:  3/3        EV: 13    Int: 10    God:
Gold:   1154       SH:  4    Dex: 11    Spells: 2/2 levels left

rFire   . . .      SeeInvis .     - Unarmed
rCold   . . .      Faith    .   a - +0 buckler
rNeg    . . .      Spirit   .   (helmet restricted)
rPois   .          Reflect  .   (no amulet)
rElec   .          Harm     .   (no ring)
rCorr   .          Rampage  .   (no ring)
Will    .....                   (no ring)
Stlth   ++........              (no ring)
HPRegen 0.08/turn               (no ring)
MPRegen 0.08/turn               (no ring)
                                (no ring)
                                (no ring)

@: no status effects
A: almost no armour, amphibious, 8 rings, camouflage 1, gelatinous body 1,
(nimble swimmer 1), tentacles
a: no special abilities


You were on level 1 of the Dungeon.
You visited 1 branch of the dungeon, and saw 1 of its levels.

You collected 1154 gold pieces.


Innate Abilities, Weirdness & Mutations

You cannot wear most types of armour.
You are amphibious.
You can wear up to eight rings at the same time.
Your skin changes colour to match your surroundings (Stealth+).
Your rubbery body absorbs attacks. (AC +1, EV +1)
((You are camouflaged near water. (Stealth+)))
You have tentacles for arms and can constrict up to eight enemies at once.


   Skills:
 + Level 3.3 Fighting
 + Level 3.2 Dodging
 + Level 3.3 Shields
 + Level 2.4 Unarmed Combat


You had 2 spell levels left.
You didn't know any spells.
Your spell library was empty.

Inventory:

Missiles
 e - 27 stones (quivered)
 f - 6 javelins
Armour
 a - a +0 buckler (worn)
Potions
 b - a potion of might
 c - a potion of heal wounds {@q2}
 d - a potion of curing {unknown}

Dungeon Overview and Level Annotations

Branches:
Dungeon (1/15)

Altars:

#......#.....
#......#...##
#......#.....
#......#..##.
#......#.....
###########......#.....
................#.....
##.g#####......##....
#.lg@......$...##....
#..#######..######....
#..#.....##..# #....
...#.....#.#..# #####
..#######..#..#
..#....B#..#..#
#.#...[.#..#..# #
#.#.....#..#..# # #


You could see a gnoll, a giant cockroach, a goblin and a frilled lizard.


Message History

You block the quokka's attack. The quokka bites you. 😕 HP[-1]
You take 1 damage, and now have 20/21 hp.
You tentacle-slap the quokka but do no damage.
You constrict the quokka. The quokka bites you. 😕 HP[-4]
You take 4 damage, and now have 16/21 hp.
You tentacle-slap the quokka but do no damage.
You constrict the quokka. The quokka closely misses you.
A quokka is nearby!
A quokka is nearby!
You tentacle-slap the quokka. You constrict the quokka.
You kill the quokka!
You have reached level 3!
Your experience leads to an increase in your attributes!
Increase (S)trength, (I)ntelligence, or (D)exterity?
You feel stronger. 😕 HP[+4] MP[+1]
You now have 26 max hp (+5).
You regained 4 hp, and now have 20/26 hp.
Your mp is fully restored (3).
Key pressed, stopping explore.
You open the door.
There is an open door here.
You open the door.
A goblin comes into view. It is wielding a +0 dagger.
There is an open door here. 😎 HP[+6]
Your hp is fully restored (26).
A goblin is nearby!
A goblin is nearby!
A goblin is nearby!
The goblin shouts!
The goblin barely misses you.
You miss the goblin. You grab the goblin. You constrict the goblin.
The goblin barely misses you.
You tentacle-slap the goblin.
You kill the goblin!
g - a scroll labelled LODOBLOIGY You see here a +0 club.
You see here a +0 dagger.
You open the door.
There is an open door here.
Key pressed, stopping explore.
There is a stone staircase leading down here.
Key pressed, stopping explore.
This is a scroll of acquirement!
Something appears before you!
You now have 1154 gold pieces (gained 1064).
The kobold shouts!
The kobold barely misses you.
You tentacle-slap the kobold but do no damage.
You grab the kobold. Your squeeze misses the kobold. You constrict the kobold.
You kill the kobold!
No target in view!
No target in view!
Key pressed, stopping explore.
Key pressed, stopping explore.
You see here a +0 leather armour.
Key pressed, stopping explore.
As you open the door, it creaks loudly!
There is an open door here.
There is an open door here. 2 frilled lizards come into view.
There are monsters nearby!
A goblin comes into view. It is wielding a +0 club.
A goblin comes into view. It is wielding a +0 dagger.
The goblin shouts!
A gnoll comes into view. It is wielding a +0 club.
The frilled lizard hisses angrily.
The goblin shouts!
You tentacle-slap the frilled lizard.
You kill the frilled lizard!
You closely miss the goblin. You grab the goblin. You squeeze the goblin.
You kill the goblin!
The goblin closely misses you. You block the gnoll's attack.
Things that are here:
a +0 dagger; a goblin corpse You tentacle-slap the gnoll.
Your grab misses the gnoll. The goblin hits you with a +0 club.
The gnoll hits you with a +0 club. 😮 HP[-8]
You take 8 damage, and now have 18/26 hp.
MASSIVE DAMAGE!! (PAUSE)
You tentacle-slap the gnoll. You grab the gnoll. You constrict the gnoll.
The goblin closely misses you. The gnoll misses you.
You tentacle-slap the gnoll but do no damage.
You constrict the gnoll. The goblin completely misses you.
You block the gnoll's attack.
You tentacle-slap the gnoll. You constrict the gnoll.
The goblin hits you with a +0 club. The gnoll hits you with a +0 club.
* * * LOW HITPOINT WARNING * * *
The goblin hits you with a +0 club.
* * * LOW HITPOINT WARNING * * *
You block the gnoll's attack. 😨 HP[-10]
You take 10 damage, and now have 8/26 hp.
MASSIVE DAMAGE!! (PAUSE)
You tentacle-slap the gnoll but do no damage.
You constrict the gnoll. The gnoll hits you with a +0 club!
You die...

Action                   || total
-------------------------++-------
Melee: Unarmed           ||    56
       Constrict         ||    18
       Tentacles         ||     9
       Punch             ||     2
  Use: Scroll            ||     2
 Stab: Sleeping          ||     4
Armor: Skin              ||     2
Dodge: Dodged            ||    28
Block: Buckler           ||    10

Levels and vault maps discovered:
D:1:      lightli_arrival_statuegarden, layout_basic,
          hellmonk_ecumenical_altar_lost_god, hangedman_decor_peaks_small,
          chequers_big_river, minmay_3d_cube

Notes
Turn   | Place    | Note
-------+----------+-------------------------------------------
     0 | D:1      | spiderkeys the Octopode Fighter began the quest for the
                  | Orb.
     0 | D:1      | Reached XP level 1. HP: 16/16 MP: 1/1
     0 | D:1      | magus.rc [v1.9.10]
   254 | D:1      | Reached XP level 2. HP: 15/21 MP: 2/2
   431 | D:1      | Found a faded altar of an unknown god.
   945 | D:1      | Reached XP level 3. HP: 20/26 MP: 3/3
  1099 | D:1      | Identified a scroll of acquirement
  1099 | D:1      | Acquired 1064 gold pieces
  1230 | D:1      | Slain by a gnoll

Vanquished Creatures
  A dart slug (D:1)
  A ball python (D:1)
  3 bats (D:1)
  An endoplasm (D:1)
  3 goblins (D:1)
  3 hobgoblins (D:1)
  2 jackals (D:1)
  4 kobolds (D:1)
  2 quokkas (D:1)
  2 frilled lizards (D:1)
  2 rats (D:1)
24 creatures vanquished.

Table legend:
 A = Non-vault XP
 B = Vault XP
 C = Vault XP percentage of total XP
 D = Non-vault monster count
 E = Vault monster count
 F = Vault count percentage of total count
                 A         B        C        D         E       F
            +---------+---------+-------+---------+---------+-------
      Total |      40 |       0 |   0.0 |      24 |       0 |   0.0
            +---------+---------+-------+---------+---------+-------
        D:1 |      40 |       0 |   0.0 |      24 |       0 |   0.0
            +---------+---------+-------+---------+---------+-------

Illustrated notes

Table legend:
 A = Kills in this place as a percentage of kills in entire the game.
 B = Kills by you in this place as a percentage of kills by you in the entire game.
 C = Kills by friends in this place as a percentage of kills by friends in the entire game.
 D = Other kills in this place as a percentage of other kills in the entire game.
 E = Experience gained in this place as a percentage of experience gained in the entire game.
 F = Experience gained in this place divided by the number of levels of this place that you have seen.
                   A       B       C       D       E      F
               +-------+-------+-------+-------+-------+----------------------
         Total | 100.0 | 100.0 |   N/A |   N/A | 100.0 |  40.0
       Dungeon | 100.0 | 100.0 |   N/A |   N/A | 100.0 |  40.0
               +-------+-------+-------+-------+-------+----------------------

Table legend: (Time is in decaauts)
 A = Elapsed time spent in this place.
 B = Non-inter-level travel time spent in this place.
 C = Inter-level travel time spent in this place.
 D = Time resting spent in this place.
 E = Time spent auto-exploring this place.
 F = Levels seen in this place.
 G = Mean time per level.
                   A        B        C        D        E       F      G
               +--------+--------+--------+--------+--------+-----+--------+
         Total |   1229 |   1229 |      0 |      0 |   1056 |   1 | 1229.0 |
       Dungeon |   1229 |   1229 |      0 |      0 |   1056 |   1 | 1229.0 |
               +--------+--------+--------+--------+--------+-----+--------+

Top non-repeatable levels by time:
     D:1: 1229 daAuts
